 Dungeon Crawl Stone Soup version 0.27.0-1-g7a089689b8 (webtiles) character file.

Game seed: 11931956348957928601

781 MisterFreud the Cudgeller (level 7, -2/41 HPs)
             Began as a Gargoyle Fighter on July 31, 2021.
             Slain by a wyvern zombie (9 damage)
             ... on level 6 of the Dungeon.
             The game lasted 00:06:18 (5803 turns).

MisterFreud the Cudgeller (Gargoyle Fighter)        Turns: 5803, Time: 00:06:19

Health: -2/41      AC: 18    Str: 22    XL:     7   Next: 85%
Magic:  7/7        EV:  4    Int:  8    God:
Gold:   272        SH: 10    Dex:  9    Spells: 6/6 levels left

rFire    . . .     SeeInvis .   u - +2 hand axe (vamp)
rCold    . . .     Faith    .   c - +0 kite shield
rNeg     + + .     Spirit   .   m - +0 plate armour
rPois    ∞         Reflect  .   (no helmet)
rElec    +         Harm     .   d - +0 cloak
rCorr    +         Rampage  .   (no gloves)
Will     .....                  (no boots)
Stlth    ..........             (no amulet)
HPRegen  0.13/turn              f - ring of positive energy
MPRegen  0.10/turn              h - ring of resist corrosion

@: no status effects
A: sickness immunity, AC +4, negative energy resistance 1, electricity
resistance, torment resistance 1, petrification resistance
a: no special abilities


You were on level 6 of the Dungeon.
You visited 1 branch of the dungeon, and saw 6 of its levels.

You collected 272 gold pieces.

Inventory:

Hand Weapons
 a - a +0 flail
 u - a +2 vampiric hand axe (weapon)
Missiles
 r - 4 boomerangs (quivered)
 s - 4 curare-tipped darts
 v - a throwing net
Armour
 b - a +0 scale mail
 c - a +0 kite shield (worn)
 d - a +0 cloak (worn)
 m - a +0 plate armour (worn)
Jewellery
 f - a ring of positive energy (left hand)
 h - a ring of resist corrosion (right hand)
Wands
 n - a wand of mindburst (12)
Scrolls
 e - 4 scrolls of teleportation {unknown}
 g - 3 scrolls of magic mapping {unknown}
 i - 2 scrolls of enchant weapon {unknown}
 j - a scroll of amnesia {unknown}
 k - a scroll of summoning {unknown}
 l - a scroll of fog {unknown}
 q - 3 scrolls of identify {unknown}
 t - 2 scrolls of enchant armour {unknown}
 w - a scroll of noise {unknown}
Potions
 o - a potion of might
 p - a potion of heal wounds {unknown}


   Skills:
 - Level 3.2 Fighting
 * Level 1.5(3.7) Axes
 - Level 5.9(6.0) Maces & Flails
 + Level 5.7 Armour
 + Level 5.6 Shields


You had 6 spell levels left.
You didn't know any spells.
Your spell library contained the following spells:

 Spells                   Type           Power      Damage    Failure   Level
 Conjure Flame            Conj/Fire      0%         6-21      100%        3
 Ignite Poison            Fire/Tmut/Pois 0%         N/A       100%        3
 Ozocubu's Armour         Ice            0%         N/A       100%        3
 Sticky Flame             Conj/Fire      0%         2d3       100%        4
 Ozocubu's Refrigeration  Ice            0%         4d5       100%        7


Dungeon Overview and Level Annotations

Branches:
Dungeon (6/15)
 Temple: D:4-7

Altars:
Nemelex Xobeh
Qazlal
Ru
Wu Jian


Innate Abilities, Weirdness & Mutations

You are immune to sickness and miasma.
Your stone body is resilient. (AC +4)
You are immune to poison.
You resist negative energy. (rN+)
You are resistant to electric shocks. (rElec)
You are resistant to unholy torment.
You are immune to petrification.


Message History

You hit the adder.
The adder is heavily wounded.
You block the adder's attack. x2
You hit the adder.
The adder is severely wounded.
The adder completely misses you. x2
You slash the adder!
You kill the adder!
The wyvern zombie bites you but does no damage.
You hit the wyvern zombie.
The wyvern zombie is lightly damaged.
The wyvern zombie bites you but does no damage.
You hit the wyvern zombie.
The wyvern zombie is lightly damaged.
The wyvern zombie bites you but does no damage.
The wyvern zombie bites you!
You barely miss the wyvern zombie.
The wyvern zombie is lightly damaged.
The wyvern zombie bites you. You block the wyvern zombie's attack.
You hit the wyvern zombie but do no damage.
The wyvern zombie is lightly damaged.
The wyvern zombie bites you but does no damage.
You hit the wyvern zombie but do no damage.
The wyvern zombie is lightly damaged.
The wyvern zombie bites you but does no damage.
The wyvern zombie bites you.
You hit the wyvern zombie.
The wyvern zombie is lightly damaged.
The wyvern zombie bites you. The wyvern zombie bites you!
* * * LOW HITPOINT WARNING * * *
You are too injured to fight recklessly!
You slash the wyvern zombie!
The wyvern zombie is moderately damaged.
You block the wyvern zombie's attack. The wyvern zombie bites you.
* * * LOW HITPOINT WARNING * * *
You hit the wyvern zombie.
The wyvern zombie is heavily damaged.
The wyvern zombie bites you but does no damage.
The wyvern zombie bites you!
You die...

##.##########
#.# #. #.## #.
#..# #+ ##.# #.#
# #.# ##. #.#
###...##.#######
.......Z@....)..
###...##.#######
##. #.# # #.#
..# ..# ..# ..##


You could see a wyvern zombie.

Vanquished Creatures
  A bullfrog (D:4)
  A scorpion (D:5)
  A water moccasin zombie (D:5)
  2 water moccasin skeletons
  A bullfrog zombie (D:5)
  2 bullfrog skeletons (D:5)
  2 hounds
  A centaur skeleton (D:4)
  2 iguanas
  A hound skeleton (D:4)
  10 gnolls
  6 adders
  A white imp (D:5)
  An ufetubus (D:5)
  An adder skeleton (D:5)
  A worm (D:4)
  4 orcs (D:3)
  3 bats
  7 endoplasms
  3 giant cockroaches
  4 goblins
  6 hobgoblins
  13 jackals
  3 quokkas (D:1)
  13 ball pythons
  5 frilled lizards
  12 kobolds
  A rat (D:1)
108 creatures vanquished.

Notes
Turn   | Place    | Note
-------+----------+-------------------------------------------
     0 | D:1      | MisterFreud the Gargoyle Fighter began the quest for the
                  | Orb.
     0 | D:1      | Reached XP level 1. HP: 14/14 MP: 1/1
   290 | D:1      | You fall into a shaft and drop 1 floor!
   348 | D:1      | Reached XP level 2. HP: 15/19 MP: 2/2
   444 | D:1      | Found a faded altar of an unknown god.
   714 | D:1      | Reached XP level 3. HP: 16/23 MP: 3/3
  2363 | D:2      | Reached XP level 4. HP: 28/28 MP: 4/4
  2713 | D:2      | You fall into a shaft and drop 2 floors!
  2828 | D:4      | Reached XP level 5. HP: 15/32 MP: 5/5
  3099 | D:4      | Reached XP level 6. HP: 35/37 MP: 6/6
  3292 | D:3      | Found an ornate altar of the Wu Jian Council.
  3293 | D:3      | Found a stormy altar of Qazlal.
  3296 | D:3      | Found a sacrificial altar of Ru.
  3296 | D:3      | Found a sparkling altar of Nemelex Xobeh.
  3748 | D:2      | Reached skill level 5 in Maces & Flails
  4432 | D:5      | Entered Level 5 of the Dungeon
  4470 | D:5      | Reached skill level 5 in Armour
  4494 | D:5      | Reached skill level 5 in Shields
  4494 | D:5      | Reached XP level 7. HP: 39/41 MP: 7/7
  5310 | D:5      | Reached skill level 1 in Axes
  5803 | D:6      | Slain by a wyvern zombie

Illustrated notes

Levels and vault maps discovered:
D:1:      tarquinn_simple_flora_water_d, layout_basic,
          hellmonk_ecumenical_altar_zigzags, nrook_loot_triangle
D:2:      layout_basic
D:3:      layout_rooms, grunt_temple_overflow_open
D:4:      layout_cave_pools
D:5:      layout_loops_ring
D:6:      layout_loops_corners, grunt_temple_overflow_champion_of_chaos,
          temple_pool_b, uniq_pikel, uniq_menkaure

Skill      XL: |  1  2  3  4  5  6  7 |
---------------+----------------------+-----
Maces & Flails | 3 4 5 |  5.9
Armour         | 4 5 |  5.7
Shields        | 4 5 |  5.6
Axes           | 1 |  1.5
Fighting       | |  3.2

Action                   |  1- 3 |  4- 6 |  7- 9 || total
-------------------------+-------+-------+-------++-------
Melee: Flail             |   166 |   222 |    47 ||   435
       Hand axe          |       |       |    81 ||    81
  Use: Potion            |       |     4 |       ||     4
Armor: Scale mail        |   107 |   163 |       ||   270
       Plate armour      |       |    25 |    94 ||   119
Dodge: Dodged            |    71 |   102 |    13 ||   186
Block: Kite shield       |   114 |   193 |    82 ||   389
